 Dungeon Crawl Stone Soup version 0.29.1-1-gd02db6906a (webtiles) character file.

Game seed: 11044005141955428413

35 Ordine the Slasher (level 3, -6/23 HPs)
             Began as a Tengu Monk on Sept 16, 2022.
             Mangled by Sigmund
             ... wielding a +1 scythe of venom
              (11 damage)
             ... on level 2 of the Dungeon.
             The game lasted 00:02:30 (1629 turns).

Ordine the Slasher (Tengu Monk)                     Turns: 1629, Time: 00:02:31

Health: -6/23      AC:  2    Str: 11    XL:     3   Next: 35%
Magic:  4/4        EV: 13    Int: 10    God:
Gold:   79         SH:  0    Dex: 18    Spells: 2/2 levels left

rFire   . . .      SeeInvis .   b - +0 sling
rCold   . . .      Faith    .   (no shield)
rNeg    . . .      Spirit   .   f - +0 robe
rPois   .          Reflect  .   (helmet restricted)
rElec   .          Harm     .   (no cloak)
rCorr   .          Rampage  .   (no gloves)
Will    .....                   (boots unavailable)
Stlth   ++........              (no amulet)
HPRegen 0.07/turn               (no ring)
MPRegen 0.09/turn               (no ring)

@: mighty, lethally poisoned (-6 -> -25)
A: beak, talons 3
a: no special abilities


You were on level 2 of the Dungeon.
You visited 1 branch of the dungeon, and saw 2 of its levels.

You collected 79 gold pieces.

Inventory:

Hand Weapons
 a - a +0 falchion
 b - a +0 sling (weapon)
Armour
 f - a +0 robe (worn)
Scrolls
 d - 5 scrolls of identify {unknown}
 e - a scroll of summoning {unknown}
 h - a scroll of poison {unknown}
Potions
 c - a potion of ambrosia
 g - a potion of resistance


   Skills:
 - Level 3.2 Fighting
 * Level 4.1 Long Blades
 + Level 0.5 Ranged Weapons
 - Level 3.5 Dodging
 - Level 2.3 Stealth


You had 2 spell levels left.
You didn't know any spells.
Your spell library was empty.

Dungeon Overview and Level Annotations

Branches:
Dungeon (2/15)

Altars:

Annotations:
D:2 1 runed translucent door, Crazy Yiuf, Sigmund


Innate Abilities, Weirdness & Mutations

You have a beak for a mouth.
You have claws for feet.


Message History

The goblin shouts!
The ball python hisses angrily.
The ball python barely misses you. The ball python grabs you.
The ball python constricts you.
You barely miss the ball python. You peck the ball python.
The ball python is severely wounded.
The ball python bites you. The ball python constricts you.
You hit the ball python.
You kill the ball python!
You closely miss the goblin. Your kick misses the goblin.
The goblin hits you with a +0 dagger.
You slash the goblin!
You kill the goblin!
No target in view!
No target in view!
Sigmund the Dreaded comes into view.
He is wielding a +1 scythe of venom.
b - a +0 sling (weapon)
You shoot a sling bullet. The sling bullet hits Sigmund!
Sigmund shouts!
Sigmund is moderately wounded.
Sigmund drinks a potion.
Sigmund suddenly seems more resistant.
You shoot a sling bullet. The sling bullet hits Sigmund.
Sigmund is heavily wounded.
You shoot a sling bullet. The sling bullet hits Sigmund.
Sigmund is severely wounded.
You shoot a sling bullet.
The sling bullet hits Sigmund but does no damage.
Sigmund is severely wounded.
You shoot a sling bullet. The sling bullet hits Sigmund.
Sigmund is almost dead.
Sigmund barely misses you.
You shoot a sling bullet. The sling bullet hits Sigmund.
Sigmund is almost dead.
Sigmund hits you from afar with a +1 scythe of venom!
Ouch! That really hurt!
You are lethally poisoned!
It was a potion of might.
You feel very mighty all of a sudden.
* * * LOW HITPOINT WARNING * * *
You feel very sick.
Sigmund hits you from afar with a +1 scythe of venom!
You die...

#####..<..##... #...##
#.##..##... #..... #
##...... ##....####
#.#.... ###....>...#
#...... .....$...#.#.#
###...... .......@.#.#.#
........ .........#.#.#
##...... .......@.#.#.#
#......
...........#.#####......
........).##.!..######.#
..............#+### #.#
.........#......).# #.#
###....###.....)..# #).
...... #...<....######
##.... #...!....'.....
...... #........####..


You could see Sigmund (resistant).

Vanquished Creatures
  A dart slug (D:1)
  3 endoplasms
  3 hobgoblins
  4 ball pythons
  2 bats (D:1)
  4 frilled lizards
  4 goblins
  6 kobolds
  7 rats
34 creatures vanquished.

Notes
Turn   | Place    | Note
-------+----------+-------------------------------------------
     0 | D:1      | Ordine the Tengu Monk began the quest for the Orb.
     0 | D:1      | Reached XP level 1. HP: 14/14 MP: 2/2
   264 | D:1      | Reached XP level 2. HP: 10/19 MP: 3/3
   640 | D:1      | Found a faded altar of an unknown god.
  1033 | D:1      | Reached XP level 3. HP: 23/23 MP: 4/4
  1323 | D:2      | Found a runed translucent door.
  1324 | D:2      | Noticed Crazy Yiuf
  1452 | D:2      | Reached skill level 4 in Long Blades
  1621 | D:2      | Noticed Sigmund
  1629 | D:2      | Mangled by Sigmund

Illustrated notes

Levels and vault maps discovered:
D:1:      minmay_arrival_jagged, layout_loops_ring,
          shapermc_ecumenical_altar_notcrosses
D:2:      layout_basic, uniq_sigmund, uniq_crazy_yiuf_cottage

Skill      XL: |  1  2  3 |
---------------+----------+-----
Long Blades    | 4 |  4.1
Fighting       | |  3.2
Ranged Weapons | |  0.5
Dodging        | |  3.5
Stealth        | |  2.3

Action                   || total
-------------------------++-------
Melee: Falchion          ||    64
       Peck              ||     7
       Kick              ||     5
       Punch             ||     1
 Fire: Sling             ||     6
  Use: Potion            ||     1
 Stab: Sleeping          ||     8
Armor: Robe              ||     8
Dodge: Dodged            ||    34
